 Dungeon Sprint DCSS version 0.14-a0-3154-g428849b (webtiles) character file.

2922 Froboctopus the Hoplite (level 9, -4/60 HPs)
             Began as a Gargoyle Fighter on Mar 9, 2014.
             Was a High Priest of the Shining One.
             Killed from afar by a lindwurm (38 damage)
             ... with a blast of flame
             ... in the Dungeon (Sprint IX: "|||||||||||||||||||||||||||||").
             The game lasted 00:02:50 (887 turns).

Froboctopus the Hoplite (Gargoyle Fighter)           Turns: 887, Time: 00:02:54

HP  -4/60        AC 24     Str 23      XL: 9   Next: 79%
MP  18/20        EV  9     Int  9      God: the Shining One [*****.]
Gold 0           SH 41     Dex  9      Spells:  0 memorised,  8 levels left

rFire  . . .     SeeInvis .     o - +2,+6 morningstar (protect)
rCold  . . .     Clarity  .     q - +1 scale mail
rNeg   + + +     Conserve .     c - +0 shield
rPois  +         rCorr    .     (no helmet)
rElec  +         rRot     +     (no cloak)
SustAb . .       Spirit   .     p - +0 pair of gloves
rMut   .         Warding  .     a - +0 pair of boots
Saprov . . .     NoTele   +     (no amulet)
MR     .....                    (no ring)
                                (no ring)

@: glowing, not resistant to hostile enchantments, extremely unstealthy
A: life protection 1, electricity resistance, unbreathing, petrification
resistance, AC +5
a: Divine Shield, Cleansing Flame, Summon Divine Warrior, Renounce Religion


You were in the Dungeon.
You worshipped the Shining One.
The Shining One was extremely pleased with you.
You were hungry.

You visited 1 branch

Inventory:

Hand weapons
 o - a +2,+6 morningstar of protection (weapon)
Armour
 a - a +0 pair of boots (worn)
 c - a +0 shield (worn)
 p - a +0 pair of gloves (worn)
 q - a +1 scale mail (worn)
Magical devices
 n - a wand of fire (7)
Comestibles
 d - a bread ration
 s - a chunk of crocodile flesh
 t - an apple
 u - 5 rotting chunks of hydra flesh
Scrolls
 j - a scroll of blinking
 l - 5 scrolls of remove curse
 m - 2 scrolls of amnesia
 v - 2 scrolls of identify
Jewellery
 b - a +3 ring of intelligence
 r - a +3 ring of intelligence
Potions
 e - 6 potions of curing
 f - 7 potions of heal wounds
 g - 3 potions of speed
 h - 4 potions of magic
 i - 2 potions of berserk rage
 k - a potion of invisibility


   Skills:
 + Level 9.3 Fighting
 * Level 12.3 Maces & Flails
 * Level 12.4 Armour
 * Level 12.5 Shields
 + Level 7.8 Invocations


You had 8 spell levels left.
You didn't know any spells.

Dungeon Overview and Level Annotations

Branches:
Dungeon (1/1)

Altars:
Ashenzari
Cheibriados
Dithmenos
Elyvilon
Fedhas
Kikubaaqudgha
Makhleb
Nemelex Xobeh
Okawaru
Sif Muna
Trog
Vehumet
Xom
Yredelemnul
Zin
The Shining One


Innate Abilities, Weirdness & Mutations

You are resistant to torment.
You are immune to poison.
Your stone body is very resilient (AC +5).
You resist negative energy.
You are resistant to electric shocks.
You can survive without breathing.
You are immune to petrification.


Message History

Unknown command.
You puncture the lindwurm!
The lindwurm is severely wounded.
The lindwurm bites you but does no damage.
The lindwurm claws you. You block the lindwurm's attack.
The giant firefly flashes a warning beacon!
Unknown command.
Unknown command.
You hit the lindwurm.
The lindwurm is severely wounded.
You block the lindwurm's attack.
The lindwurm claws you but does no damage.
You block the lindwurm's attack.
You hit the lindwurm but do no damage.
The lindwurm is severely wounded.
The lindwurm breathes flames at you. The blast of flame hits you!
One of your 2 scrolls of blinking catches fire!
Ouch! That really hurt!
You die...

▓▓▓▓▓▓▓▓▓▓▓▓▓▓▓▓▓▓▓▓▓▓▓▓▓
.lwwwwkl@........%'......
▓▓▓▓▓▓▓▓▓▓▓▓▓▓▓▓▓▓▓▓▓▓▓▓▓▓▓▓▓▓▓▓▓
.................................
▓▓▓▓▓▓▓▓▓▓▓▓▓▓▓▓▓▓▓▓▓▓▓▓▓▓▓▓▓▓▓▓▓
.%......%..[..)|..'______________
▓▓▓▓▓▓▓▓▓▓▓▓▓▓▓▓▓▓▓▓▓▓▓▓▓▓▓▓▓▓▓▓▓


You could see 2 lindwurms, a giant firefly and 4 worms.

Vanquished Creatures
  A hydra (D)
  An orb spider (shapeshifter) (D)
  A troll (D)
  2 yaks (D)
  A wolf (D)
  2 hippogriffs (D)
  A porcupine (D)
  2 crocodiles (D)
  3 giant frogs (D)
  A brain worm (D)
  A big kobold (D)
  A giant slug (D)
  2 crimson imps (D)
  2 iguanas (D)
  An orc wizard (D)
  An adder (D)
  3 green rats (D)
  A giant mite (D)
  2 giant geckos (D)
  An orc (D)
  2 bats (D)
  A giant cockroach (D)
  A goblin (D)
  A kobold (D)
  3 giant newts (D)
  A hobgoblin skeleton (D)
  2 rats (D)
41 creatures vanquished.

Notes
Turn   | Place    | Note
--------------------------------------------------------------
     0 | D        | Froboctopus, the Gargoyle Fighter, began the quest for the Orb.
     0 | D        | Reached XP level 1. HP: 14/14 MP: 1/1
   106 | D        | Noticed a crimson imp
   106 | D        | Noticed an orc wizard
   108 | D        | Reached XP level 2. HP: 19/19 MP: 2/2
   114 | D        | Killed an orc wizard
   114 | D        | Reached skill level 4 in Fighting
   114 | D        | Reached XP level 3. HP: 21/24 MP: 3/3
   128 | D        | Found a shimmering altar of Xom.
   128 | D        | Found an ancient bone altar of Kikubaaqudgha.
   128 | D        | Found a snail-covered altar of Cheibriados.
   128 | D        | Found a blossoming altar of Fedhas.
   128 | D        | Found an iron altar of Okawaru.
   128 | D        | Found a shimmering altar of Xom.
   128 | D        | Found a bloodstained altar of Trog.
   129 | D        | Found a white marble altar of Elyvilon.
   130 | D        | Found a shattered altar of Ashenzari.
   131 | D        | Found a sparkling altar of Nemelex Xobeh.
   132 | D        | Found an ancient bone altar of Kikubaaqudgha.
   133 | D        | Found a radiant altar of Vehumet.
   134 | D        | Found a basalt altar of Yredelemnul.
   135 | D        | Found a burning altar of Makhleb.
   136 | D        | Found a deep blue altar of Sif Muna.
   137 | D        | Found a shadowy altar of Dithmenos.
   138 | D        | Found a glowing golden altar of the Shining One.
   139 | D        | Found a glowing silver altar of Zin.
   147 | D        | Became a worshipper of the Shining One
   173 | D        | Killed a crimson imp
   173 | D        | Reached skill level 5 in Maces & Flails
   173 | D        | Reached skill level 5 in Armour
   173 | D        | Reached skill level 5 in Shields
   173 | D        | Reached XP level 4. HP: 26/30 MP: 4/4
   242 | D        | Acquired the Shining One's first power
   242 | D        | Noticed a big kobold
   246 | D        | Killed a big kobold
   246 | D        | Reached skill level 5 in Fighting
   246 | D        | Reached skill level 6 in Maces & Flails
   246 | D        | Reached skill level 1 in Invocations
   246 | D        | Reached XP level 5. HP: 33/35 MP: 4/6
   267 | D        | Noticed a troll
   267 | D        | Noticed an iguana
   267 | D        | Noticed a troll
   267 | D        | Acquired the Shining One's second power
   267 | D        | Noticed a hippogriff
   267 | D        | Noticed a crimson imp
   267 | D        | Noticed a hippogriff
   272 | D        | Killed a hippogriff
   272 | D        | Reached skill level 7 in Maces & Flails
   272 | D        | Reached XP level 6. HP: 33/41 MP: 7/10
   275 | D        | Killed a crimson imp
   275 | D        | Reached skill level 8 in Shields
   281 | D        | Killed a hippogriff
   287 | D        | Noticed an orb spider
   287 | D        | a troll changed into an orb spider
   291 | D        | Killed a troll
   291 | D        | Reached skill level 9 in Maces & Flails
   291 | D        | Reached skill level 5 in Invocations
   291 | D        | Reached XP level 7. HP: 21/48 MP: 9/13
   292 | D        | Killed an iguana
   303 | D        | Killed an orb spider
   303 | D        | Reached skill level 10 in Maces & Flails
   303 | D        | Reached skill level 10 in Armour
   303 | D        | Reached skill level 10 in Shields
   303 | D        | Reached XP level 8. HP: 25/54 MP: 12/17
   580 | D        | Noticed an iguana
   580 | D        | Noticed a wolf
   580 | D        | Noticed a giant frog
   583 | D        | Killed a giant frog
   584 | D        | Noticed a five-headed hydra
   585 | D        | Noticed a porcupine
   594 | D        | Killed a wolf
   601 | D        | Killed an iguana
   605 | D        | Reached skill level 11 in Shields
   613 | D        | Killed a five-headed hydra
   613 | D        | Reached XP level 9. HP: 20/60 MP: 15/19
   615 | D        | Killed a porcupine
   817 | D        | Noticed a crocodile
   817 | D        | Noticed a giant frog
   817 | D        | Noticed a giant frog
   817 | D        | Noticed a giant slug
   817 | D        | Noticed a crocodile
   820 | D        | Noticed a yak
   820 | D        | Acquired the Shining One's third power
   822 | D        | Killed a crocodile
   822 | D        | Reached skill level 12 in Shields
   823 | D        | Noticed a yak
   827 | D        | Killed a giant slug
   829 | D        | Killed a giant frog
   835 | D        | Killed a giant frog
   837 | D        | Killed a crocodile
   850 | D        | Killed a yak
   857 | D        | Killed a yak
   877 | D        | Noticed a giant firefly
   877 | D        | Noticed a lindwurm
   877 | D        | Acquired the Shining One's fourth power
   877 | D        | Noticed a brain worm
   878 | D        | Killed a brain worm
   879 | D        | Noticed a lindwurm
   887 | D        | Killed from afar by a lindwurm

Action                   |  1- 3 |  4- 6 |  7- 9 || total
-------------------------+-------+-------+-------++-------
Melee: Flail             |    46 |       |       ||    46
       Morningstar       |       |    37 |    86 ||   123
Invok: Divine Shield     |       |     1 |     2 ||     3
  Use: Scroll            |       |       |     4 ||     4
